 Dungeon Crawl Stone Soup version 0.22-a0-307-g2b15929 (webtiles) character file.

520 xccam the Chopper (level 7, -2/52 HPs)
             Began as a Formicid Fighter on Apr 1, 2018.
             Was an Initiate of Cheibriados.
             Slain by an ogre
             ... wielding a +0 giant club
              (15 damage)
             ... on level 4 of the Dungeon.
             The game lasted 00:06:27 (3217 turns).

xccam the Chopper (Formicid Fighter)                Turns: 3217, Time: 00:06:28

Health: -2/52      AC:  6    Str: 24    XL:     7   Next: 45%
Magic:  7/7        EV: 13    Int:  8    God:    Cheibriados [......]
Gold:   159        SH:  9    Dex: 11    Spells: 6/6 levels left

rFire    . . .     SeeInvis +   a - +0 war axe
rCold    . . .     Gourm    .   c - +0 shield
rNeg     . . .     Faith    .   b - +0 scale mail
rPois    .         Spirit   .   (helmet unavailable)
rElec    .         Reflect  .   (no cloak)
rCorr    .         Harm     .   (no gloves)
MR       .....                  (no boots)
Stlth    +.........             (no amulet)
HPRegen  0.17/turn              i - +5 ring of evasion
MPRegen  0.10/turn              v - ring of stealth

@: flying, very slow
A: permanent stasis, dig shafts and tunnels, four strong arms, antennae 3
a: Dig, Shaft Self, Bend Time, Renounce Religion


You were on level 4 of the Dungeon.
You worshipped Cheibriados.
Cheibriados was noncommittal.
You were not hungry.

You visited 2 branches of the dungeon, and saw 5 of its levels.

You collected 159 gold pieces.

Inventory:

Hand Weapons
 a - a +0 war axe (weapon)
Armour
 b - a +0 scale mail (worn)
 c - a +0 shield (worn)
Jewellery
 d - an uncursed ring of ice
 e - an uncursed ring of magical power
 i - a +5 ring of evasion (left hand)
 r - a +4 ring of intelligence
 v - a ring of stealth (right hand)
Scrolls
 g - 4 scrolls of identify {unknown}
 h - 2 scrolls of remove curse {unknown}
 k - 2 scrolls of enchant weapon {unknown}
 l - a scroll of magic mapping {unknown}
 o - a scroll of blinking {unknown}
 p - 3 scrolls of noise {unknown}
 q - 2 scrolls of immolation {unknown}
 s - a scroll of random uselessness {unknown}
 w - a scroll of amnesia {unknown}
 x - 3 scrolls of fear {unknown}
Potions
 j - a potion of ambrosia
 m - a potion of haste
Comestibles
 f - 9 rations


   Skills:
 - Level 3.2 Fighting
 + Level 7.7 Axes
 - Level 3.2 Armour
 - Level 3.6 Shields


You had 6 spell levels left.
You didn't know any spells.

Dungeon Overview and Level Annotations

Branches:
Dungeon (4/15)             Temple (1/1) D:4

Altars:
Ashenzari
Cheibriados
Dithmenos
Elyvilon
Makhleb
Qazlal
Ru
Sif Muna
Trog
Uskayaw
Xom
Zin


Innate Abilities, Weirdness & Mutations

You cannot be hasted, slowed, berserked, paralysed or teleported.
You can dig through walls and to a lower floor.
Your four strong arms can wield two-handed weapons with a shield.
You have a pair of large antennae on your head. (SInv)


Message History

It was a potion of haste.
Your stasis prevents you from being hasted.
You block the orc priest's attack.
It was a potion of flight.
You feel very buoyant.
You fly up into the air.
The orc priest invokes the aid of Beogh against you.
You struggle to resist.
It was a potion of curing.
You feel better. You block the orc priest's attack.
Okay, then.
You aren't carrying any items that you can evoke.
Okay, then.
You slash the orc priest!
You kill the orc priest!
Cheibriados thoroughly appreciates the change of pace.
You hit the ogre but do no damage. The ogre hits you but does no damage.
You hit the ogre.
The ogre is lightly wounded.
The ogre hits you with a giant club!
You die...

#..# #.###.#####...##
#..#######.............#
#..............####.#..##
#....#####..#######.#.#..
#... #..# #....#.... #..#
#.#######. #..#
#....#.... #.#.#####..#
####.#.### .....oO@(..#
#.#.# ..#######..# #...#
######.########..##
.....(...........#
.....(..########.#
######..# #.####
######..########.##..
#..............).#...
..####..##########[..


You could see an ogre and an orc.

Vanquished Creatures
  The ghost of TheNamelessOne the Insei, an amateur OpTm (D:3)
  A scorpion (D:3)
  An oklob sapling (D:4)
  A howler monkey (D:4)
  A hound (D:4)
  3 orc priests (D:4)
  2 orc wizards
  3 worker ants (D:4)
  An adder (D:3)
  An adder skeleton (D:4)
  2 worms
  3 leopard geckos
  12 orcs
  4 bats
  2 giant cockroaches (D:2)
  3 goblins
  5 hobgoblins
  2 jackals (D:1)
  3 frilled lizards
  3 kobolds
  3 rats
  3 plants (D:4)
60 creatures vanquished.

Notes
Turn   | Place    | Note
-------+----------+-------------------------------------------
     0 | D:1      | xccam the Formicid Fighter began the quest for the Orb.
     0 | D:1      | Reached XP level 1. HP: 18/18 MP: 1/1
   160 | D:1      | Reached XP level 2. HP: 21/24 MP: 2/2
   397 | D:1      | Reached skill level 3 in Axes
   875 | D:2      | Reached XP level 3. HP: 29/29 MP: 3/3
  1500 | D:3      | Noticed a scorpion
  1522 | D:3      | Killed a scorpion
  1522 | D:3      | Reached skill level 4 in Axes
  1522 | D:3      | Reached XP level 4. HP: 5/35 MP: 4/4
  1709 | D:3      | Reached skill level 5 in Axes
  1709 | D:3      | Reached XP level 5. HP: 25/41 MP: 5/5
  2088 | D:3      | Noticed TheNamelessOne's ghost (amateur OpTm)
  2098 | D:3      | Killed TheNamelessOne's ghost
  2098 | D:3      | Reached XP level 6. HP: 42/47 MP: 6/6
  2302 | D:4      | Reached skill level 6 in Axes
  2657 | D:4      | Found a staircase to the Ecumenical Temple.
  2713 | D:4      | Reached skill level 7 in Axes
  2713 | D:4      | Reached XP level 7. HP: 52/52 MP: 7/7
  2717 | Temple   | Entered the Ecumenical Temple
  2752 | Temple   | Became a worshipper of Cheibriados the Contemplative
  3211 | D:4      | HP: 2/52 [orc priest/divine providence (11)]
  3217 | D:4      | Slain by an ogre

Vault maps used:
D:1:      ncdulo_watergridlock, minmay_heptomino_o4
D:3:      first_ration
D:4:      minmay_temple_entry_oklob
Temple:   kilobyte_greek_temple

Skill      XL: |  1  2  3  4  5  6 |
---------------+-------------------+-----
Axes           | 3 4 5 7 |  7.7
Fighting       | |  3.2
Armour         | |  3.2
Shields        | |  3.6

Action                   |  1- 3 |  4- 6 |  7- 9 || total
-------------------------+-------+-------+-------++-------
Melee: War axe           |    89 |   124 |    56 ||   269
  Use: Potion            |       |     2 |     4 ||     6
  Eat: Chunk             |     2 |     4 |     2 ||     8
Armor: Scale mail        |    35 |    21 |     5 ||    61
Dodge: Dodged            |    29 |    45 |    20 ||    94
Block: Shield            |    38 |    32 |    19 ||    89

Table legend:
 A = Spawn XP
 B = Non-spawn XP
 C = Spawn XP percentage of total XP
 D = Spawn monster count
 E = Non-spawn monster count
 F = Spawn count percentage of total count
 G = Total turns spent on level
                    A         B        C        D         E        F      G
               +---------+---------+-------+---------+---------+-------+---------
         Total |       0 |     744 |   0.0 |       0 |      57 |   0.0 |  3217
               +---------+---------+-------+---------+---------+-------+---------
           D:1 |       0 |      22 |   0.0 |       0 |      12 |   0.0 |   778
           D:2 |       0 |      25 |   0.0 |       0 |      13 |   0.0 |   532
           D:3 |       0 |     243 |   0.0 |       0 |      10 |   0.0 |   984
           D:4 |       0 |     454 |   0.0 |       0 |      22 |   0.0 |   857
               +---------+---------+-------+---------+---------+-------+---------
